 Dungeon Crawl Stone Soup version 0.21.1-1-g345015f (webtiles) character file.

11 tidbits the Grave Robber (level 2, 10/20 HPs)
             Began as a Gnoll Necromancer on June 29, 2018.
             Was a Follower of Elyvilon.
             Quit the game on level 2 of the Dungeon.
             The game lasted 00:01:48 (168 turns).

tidbits the Grave Robber (Gnoll Necromancer)         Turns: 168, Time: 00:01:50

Health: 10/20      AC:  2    Str: 10    XL:     2   Next: 25%
Magic:  7/7        EV: 14    Int: 17    God:    Elyvilon [*.....]
Gold:   9          SH:  0    Dex: 15    Spells: 9/10 levels left

rFire    . . .     SeeInvis .   a - +0 dagger
rCold    . . .     Gourm    .   (no shield)
rNeg     . . .     Faith    .   e - +0 robe
rPois    .         Spirit   .   (no helmet)
rElec    .         Reflect  .   (no cloak)
rCorr    .         Harm     .   (no gloves)
MR       .....                  (no boots)
Stlth    +++.......             (no amulet)
HPRegen  0.06/turn              (no ring)
MPRegen  0.10/turn              (no ring)

@: no status effects
A: distributed training, fangs 1, strong nose
a: Lesser Healing, Divine Protection, Renounce Religion


You were on level 2 of the Dungeon.
You worshipped Elyvilon.
Elyvilon was aware of your devotion.
You were not hungry.

You visited 1 branch of the dungeon, and saw 2 of its levels.

You collected 9 gold pieces.

Inventory:

Hand Weapons
 a - a +0 dagger (weapon)
 f - a +0 club
 g - a +0 spear
Missiles
 d - 4 javelins (quivered)
Armour
 e - a +0 robe (worn)
Potions
 h - a potion of cancellation {unknown}
 i - a potion of might {unknown}
Books
 b - a book of Necromancy

   Spells                             Type                      Level
   a - Pain                           Necromancy                   1
   b - Animate Skeleton               Necromancy                   1
   c - Vampiric Draining              Necromancy                   3
   d - Regeneration                   Charms/Necromancy            3
   e - Animate Dead                   Necromancy                   4
   f - Borgnjor's Vile Clutch         Necromancy/Earth             5
   Elyvilon disapproves of the use of such an item.
Comestibles
 c - 2 rations


   Skills:
 + Level 0.3 Fighting
 + Level 0.3 Short Blades
 + Level 0.3 Long Blades
 + Level 0.3 Axes
 + Level 0.3 Maces & Flails
 + Level 0.3 Polearms
 + Level 0.3 Staves
 + Level 0.3 Slings
 + Level 0.3 Bows
 + Level 0.3 Crossbows
 + Level 0.3 Throwing
 + Level 0.3 Armour
 + Level 4.4 Dodging
 + Level 4.0 Stealth
 + Level 0.3 Shields
 + Level 0.3 Unarmed Combat
 + Level 4.9 Spellcasting
 + Level 0.2 Conjurations
 + Level 0.2 Hexes
 + Level 0.2 Charms
 + Level 0.2 Summonings
 + Level 7.0 Necromancy
 + Level 0.2 Translocations
 + Level 0.2 Transmutations
 + Level 0.2 Fire Magic
 + Level 0.2 Ice Magic
 + Level 0.2 Air Magic
 + Level 0.2 Earth Magic
 + Level 0.2 Poison Magic
 + Level 0.4 Invocations
 + Level 0.3 Evocations


You had 9 spell levels left.
You knew the following spells:

 Your Spells              Type           Power        Failure   Level  Hunger
a - Pain                  Necr           ####         1%          1    None


Dungeon Overview and Level Annotations

Branches:
Dungeon (2/15)

Altars:
Elyvilon


Innate Abilities, Weirdness & Mutations

Your experience applies equally to all skills.
You have very sharp teeth.
Your uncanny sense of smell can sniff out nearby items.


Message History

g - Guard the area. f - Follow me.
Anything else - Cancel.
You creak for attention!
Wield which item (- for none, * to show all)? (? for menu, Esc to quit)
c - 2 rations (in branch)
You swing at nothing.
You swing at nothing.
You swing at nothing.
You swing at nothing.
You swing at nothing.
You swing at nothing.
You swing at nothing.
Your transformation is almost over.
You swing at nothing.
You swing at nothing.
You swing at nothing.
You swing at nothing.
You swing at nothing.
You swing at nothing.
You swing at nothing.
You feel less wooden.
Your +0 robe unmelds from your body.
Wield which item (- for none, * to show all)? (? for menu, Esc to quit)
Okay, then.
You see here a dagger.
e - a dagger Wield which item (- for none, * to show all)? (? for menu, Esc to quit)
e - a +0 dagger (weapon)
Adjust (i)tems, (s)pells, or (a)bilities?
Adjust which item? (? for menu, Esc to quit)
e - a +0 dagger (weapon)
Adjust to which letter? (? for menu, Esc to quit)
a - a +0 dagger (weapon);
e - a +0 robe (worn)
Found 21 arrows.
You see here a javelin.
You see here a club.
f - a club You see here a javelin.
d - 3 javelins (gained 1)
Found a mace.
Things that are here:
a javelin; a hobgoblin corpse
d - 4 javelins (gained 1)
There is a stone staircase leading down here.
You see here a giant cockroach corpse.
You climb downwards.
Found a spear.
There is a stone staircase leading up here.
Unknown command.
You see here a spear.
g - a spear
Found a centaur barding.
Found 11 gold pieces.
You open the door.
Found a sapphire potion.
Unknown command.
A goblin comes into view. It is wielding a dagger.
There is an open door here.
Throwing (i - inventory):
d - 4 javelins (quivered)
Press: ? - help, Shift-Dir - straight line, f - goblin
Aim: a goblin, wielding a dagger (resting)
You throw a javelin. The javelin hits the goblin.
The goblin shouts!
The goblin is severely wounded.
Throwing (i - inventory):
d - 3 javelins (quivered)
Press: ? - help, Shift-Dir - straight line, f/p - goblin
Aim: a goblin, wielding a dagger (severely wounded)
You throw a javelin. The javelin hits the goblin!
You kill the goblin!
You see here a sapphire potion.
h - a sapphire potion
Things that are here:
a javelin; a dagger
d - 3 javelins (gained 1)
You see here a javelin.
d - 4 javelins (gained 1)
You open the door.
Found 10 gold pieces.
Unknown command.
There is an open door here.
Found a smoky sapphire potion.
You see here a smoky sapphire potion.
i - a smoky sapphire potion
Found a robe.
Unknown command.
Found a faded altar of an unknown god.
There is a faded altar of an unknown god here.
You cannot tell which god this altar belongs to.
Convert to them anyway?
Okay, then.
You aren't carrying any pieces of jewellery.
Unknown command.
Press < or > to pray at altars.
You cannot tell which god this altar belongs to.
Convert to them anyway? [Y]es or [N]o only, please.
You cannot tell which god this altar belongs to.
Convert to them anyway?
Elyvilon accepts your prayer! Elyvilon welcomes you!
You can now provide lesser healing for yourself.
You can now call on Elyvilon to save your life.
Are you sure you want to abandon this character and quit the game? (Confirm with "yes".)

#.#..#.###
#..#.##.$..#
....##..##...####
#...##
#####......# ...
###.#..#.###.# ..
#.##.##..# .. .
#.###.#...# #
###..#.#......
#@.....#.[..###
####...#....#
#.###.#..# ###
.#..## ∆ # ###


There were no monsters in sight!

Vanquished Creatures
  A dart slug (D:1)
  A giant cockroach (D:1)
  3 goblins
  2 hobgoblins (D:1)
  A kobold (D:1)
8 creatures vanquished.

Notes
Turn   | Place    | Note
-------+----------+-------------------------------------------
     0 | D:1      | tidbits the Gnoll Necromancer began the quest for the Orb.
     0 | D:1      | Reached XP level 1. HP: 13/13 MP: 6/6
    45 | D:1      | Reached XP level 2. HP: 2/19 MP: 1/7
   161 | D:2      | Found a faded altar of an unknown god.
   167 | D:2      | Became a worshipper of Elyvilon the Healer
   167 | D:2      | Reached * piety under Elyvilon
   168 | D:2      | Quit the game

Action                   || total
-------------------------++-------
Melee: Unarmed           ||     2
Throw: Javelin           ||     4
 Cast: Pain              ||    10
  Use: Scroll            ||     1
       Potion            ||     1
Armor: Skin              ||     2
Dodge: Dodged            ||     1

Table legend:
 A = Turns spent in this place as a percentage of turns spent in the entire game.
 B = Non-inter-level travel turns spent in this place as a percentage of non-inter-level travel turns spent in the entire game.
 C = Inter-level travel turns spent in this place as a percentage of turns spent in this place.
 D = Turns resting spent in this place as a percentage of non-inter-level travel turns spent in this place.
 E = Turns spent auto-exploring this place as a percentage of non-inter-level travel turns spent in this place.
 F = Non-inter-level travel turns spent in this place divided by the number of levels of this place that you've seen.
                   A       B       C       D       E      F
               +-------+-------+-------+-------+-------+----------------------
         Total | 100.0 | 100.0 |   0.0 |   0.0 |   0.0 |  84.0
       Dungeon | 100.0 | 100.0 |   0.0 |   0.0 |   0.0 |  84.0
               +-------+-------+-------+-------+-------+----------------------

Table legend:
 A = Kills in this place as a percentage of kills in entire the game.
 B = Kills by you in this place as a percentage of kills by you in the entire game.
 C = Kills by friends in this place as a percentage of kills by friends in the entire game.
 D = Other kills in this place as a percentage of other kills in the entire game.
 E = Experience gained in this place as a percentage of experience gained in the entire game.
 F = Experience gained in this place divided by the number of levels of this place that you have seen.
                   A       B       C       D       E      F
               +-------+-------+-------+-------+-------+----------------------
         Total | 100.0 | 100.0 |   N/A |   N/A | 100.0 |   8.0
       Dungeon | 100.0 | 100.0 |   N/A |   N/A | 100.0 |   8.0
               +-------+-------+-------+-------+-------+----------------------

Vault maps used:
D:1:      dpeg_arrival_lava_temple_mockup
D:2:      chequers_ecumenical_altar_grove, kennysheep_generic_room_13,
          uniq_crazy_yiuf_cottage
